 Dungeon Crawl Stone Soup version 0.30-b1-2-g02819fbbbe (webtiles) character file.

Game seed: 8283537926722415154

100 Alarkh the Shooter (level 4, 0/33 HPs)
             Began as a Demonspawn Hunter on July 7, 2023.
             Slain by a gnoll
             ... wielding a +0 spear
              (7 damage)
             ... on level 4 of the Dungeon.
             The game lasted 00:02:08 (2823 turns).

Alarkh the Shooter (Demonspawn Hunter)              Turns: 2823, Time: 00:02:08

Health: 0/33       AC:  5    Str: 11    XL:     4   Next: 47%
Magic:  13/13      EV: 11    Int: 13    God:
Gold:   280        SH:  0    Dex: 16    Spells: 3/3 levels left

rFire   . . .        a - +0 shortbow
rCold   . . .        (shield currently unavailable)
rNeg    . . .        c - +0 leather armour
rPois   .            g - +2 hat
rElec   .            (no cloak)
rCorr   .            (no gloves)
SInv    .            (no boots)
Will    .....        e - amulet of regeneration
Stlth   +            l - ring of magical power
HPRegen 1.05/turn    (no ring)
MPRegen 0.13/turn

%: no passive effects
@: no status effects
A: demonic guardian 1
a: no special abilities


You were on level 4 of the Dungeon.
You visited 1 branch of the dungeon, and saw 4 of its levels.

You collected 280 gold pieces.

Inventory:

Hand Weapons
 a - a +0 shortbow (weapon)
 b - the +3 hand axe of Fate {heavy, Will++ Dex+6}
   (You found it on level 3 of the Dungeon)

   Dex:       It affects your dexterity (+6).
   Will:      It greatly increases your willpower.
Armour
 c - a +0 leather armour (worn)
 g - a +2 hat (worn)
Jewellery
 e - an amulet of regeneration (around neck)
 l - a ring of magical power (left hand)
 y - a +6 ring of intelligence
Scrolls
 d - a scroll of amnesia {unknown}
 j - 2 scrolls of poison {unknown}
 k - a scroll of fog {unknown}
 m - a scroll of noise {unknown}
 o - 3 scrolls of teleportation {unknown}
 p - a scroll of torment {unknown}
 s - a scroll of immolation
 t - a scroll of identify {unknown}
 u - a scroll of magic mapping {unknown}
 x - a scroll of summoning {unknown}
Potions
 f - a potion of attraction {unknown}
 h - a potion of mutation {unknown}
 i - a potion of flight {unknown}
 n - a potion of resistance {unknown}
 q - a potion of lignification {unknown}
 r - a potion of cancellation {unknown}
 v - a potion of berserk rage {unknown}
 w - a potion of curing {unknown}


   Skills:
 - Level 2.0 Fighting
 + Level 5.4 Ranged Weapons
 - Level 1.7 Dodging
 - Level 0.8 Stealth


You had 3 spell levels left.
You didn't know any spells.
Your spell library contained the following spells:

 Spells                   Type           Power      Damage    Failure   Level
 Sandblast                Erth           0%         2d4       38%         1
 Passwall                 Tmut/Erth      0%         N/A       52%         2
 Stone Arrow              Conj/Erth      0%         3d7       77%         3


Dungeon Overview and Level Annotations

Branches:
Dungeon (4/15)
 Temple: D:4-7

Altars:
Nemelex Xobeh

Shops:
D:2 *


Innate Abilities, Weirdness & Mutations

A weak demonic guardian rushes to your aid.


Message History

You kill the gnoll!
The gnoll hits you with a +0 flail!
An iguana comes into view.
The gnoll hits you with a +0 flail.
You are too injured to fight recklessly!
You are too injured to fight recklessly!
The gnoll attacks as you move away! The gnoll barely misses you.
The gnoll attacks as you move away! The gnoll closely misses you.
The gnoll attacks as you move away! The gnoll closely misses you.
The gnoll attacks as you move away! The gnoll barely misses you.
The gnoll attacks as you move away! The gnoll barely misses you.
The gnoll attacks as you move away! The gnoll barely misses you.
The gnoll attacks as you move away! The gnoll barely misses you.
You shoot an arrow. The arrow closely misses the gnoll.
The gnoll barely misses you.
You shoot an arrow.
The arrow hits the gnoll but does no damage.
The gnoll hits you with a +0 flail.
The gnoll hits you from afar with a +0 spear.
You shoot an arrow. The arrow hits the gnoll.
The gnoll is heavily wounded.
The gnoll hits you with a +0 flail. The gnoll barely misses you.
The gnoll attacks as you move away! The gnoll hits you but does no damage.
There is a stone staircase leading up here.
You shoot an arrow. The arrow closely misses the gnoll.
The gnoll hits you from afar with a +0 spear.
The gnoll hits you with a +0 flail. The gnoll barely misses you.
The gnoll hits you but does no damage.
You shoot an arrow. The arrow hits the gnoll.
The gnoll is severely wounded.
The gnoll barely misses you.
The gnoll hits you from afar with a +0 spear.
You shoot an arrow. The arrow hits the gnoll.
The gnoll is almost dead.
The gnoll hits you with a +0 flail! The gnoll hits you but does no damage.
You are too injured to fight recklessly!
The gnoll hits you with a +0 flail.
* * * LOW HITPOINT WARNING * * *
The gnoll hits you from afar with a +0 spear!
You die...

#..#.# ##..# #.... #...#
#..## #..## # ##...###..##
### # #..........####..
..## ##..........#.....
....#####...............##
#.....#..gg............##
#.....@######.........#
###..### #.........#
####...########..........
#........................
.......##.#######.........
..<...###.#.....#......#..
#.>.......#.....#......##.
#.........'.._..#.#....# #
##........#.....#.##..##


You could see 2 gnolls.

Vanquished Creatures
  An adder (D:2)
  2 gnolls (D:4)
  2 worms
  A dart slug (D:1)
  2 orcs (D:3)
  8 ball pythons
  2 endoplasms
  A giant cockroach (D:1)
  5 goblins
  3 hobgoblins
  7 jackals
  7 kobolds
  5 quokkas
  6 bats
  2 frilled lizards
  4 rats
58 creatures vanquished.

Vanquished Creatures (others)
  3 plants (D:2)
3 creatures vanquished.

Grand Total: 61 creatures vanquished

Notes
Turn   | Place    | Note
-------+----------+-------------------------------------------
     0 | D:1      | Alarkh the Demonspawn Hunter began the quest for the Orb.
     0 | D:1      | Reached XP level 1. HP: 16/16 MP: 1/1
    74 | D:1      | Reached skill level 4 in Ranged Weapons
    78 | D:1      | Gained mutation: A weak demonic guardian rushes to your
                  | aid. [demonic ancestry]
    78 | D:1      | Reached XP level 2. HP: 22/22 MP: 2/2
   500 | D:1      | Found a faded altar of an unknown god.
   625 | D:1      | Reached XP level 3. HP: 27/27 MP: 3/3
  1030 | D:2      | Found Mogroo Calu's General Store.
  1820 | D:3      | Identified the +3 hand axe of Fate {heavy, Will++ Dex+6}
  1839 | D:3      | Reached skill level 5 in Ranged Weapons
  2034 | D:3      | Reached XP level 4. HP: 33/33 MP: 4/4
  2710 | D:4      | Found a sparkling altar of Nemelex Xobeh.
  2823 | D:4      | Slain by a gnoll

Illustrated notes

Levels and vault maps discovered:
D:1:      eino_arrival_water_star, layout_basic,
          ebering_ecumenical_altar_abandoned, minmay_surrounded
D:2:      layout_basic, serial_forest, infiniplex_forest_clump_large,
          infiniplex_forest_lined_4_way, infiniplex_forest_clump_small,
          infiniplex_forest_clump_tiny, infiniplex_forest_straight_3,
          infiniplex_forest_clump_tiny, infiniplex_forest_clump_cross,
          serial_shops, shop
D:3:      cheibrodos_old_hovel, layout_loops_corners
D:4:      layout_layer_cave, amcnicky_altar_gilded, minivault_23,
          grunt_decor_clamped, kennysheep_nondescript, kennysheep_generic_room_9

Skill      XL: |  1  2  3 |
---------------+----------+-----
Ranged Weapons | 4 5 |  5.4
Fighting       | |  2.0
Dodging        | |  1.7
Stealth        | |  0.8

Action                     |  1- 3 |  4- 6 || total
---------------------------+-------+-------++-------
   Fire: Shortbow          |   116 |    34 ||   150
 Armour: Leather armour    |    12 |     4 ||    16
  Dodge: Dodged            |    21 |    15 ||    36
